 Dungeon Crawl Stone Soup version 0.23.2-33-g5129a83184 (webtiles) character file.

Game seed: 3697301560371150861

851 Exodus22XD the Magician (level 7, -1/36 HPs)
             Began as a Deep Elf Wizard on July 1, 2019.
             Slain by a centaur (6 damage)
             ... on level 6 of the Dungeon.
             The game lasted 00:24:07 (5168 turns).

Exodus22XD the Magician (Deep Elf Wizard)           Turns: 5168, Time: 00:24:07

Health: -1/36      AC:  2    Str:  4    XL:     7   Next: 69%
Magic:  1/18       EV: 13    Int: 25    God:
Gold:   122        SH:  0    Dex: 13    Spells: 7/18 levels left

rFire    x . .     SeeInvis .   h - +0 dagger
rCold    + . .     Gourm    .   (no shield)
rNeg     . . .     Faith    .   a - +0 robe
rPois    .         Spirit   .   b - +0 hat
rElec    .         Reflect  .   (no cloak)
rCorr    .         Harm     .   (no gloves)
MR       .....                  (no boots)
Stlth    ++........             (no amulet)
HPRegen  0.12/turn              m - ring of ice
MPRegen  0.16/turn              (no ring)

@: very slightly contaminated
A: no striking features
a: no special abilities


You were on level 6 of the Dungeon.
You were not hungry.

You visited 1 branch of the dungeon, and saw 5 of its levels.

You collected 122 gold pieces.

Inventory:

Hand Weapons
 h - a +0 dagger (weapon)
Armour
 a - a +0 robe (worn)
 b - a +0 hat (worn)
Jewellery
 m - a ring of ice (left hand)
 q - an uncursed ring of protection from fire {unknown}
Scrolls
 e - a scroll of enchant weapon {unknown}
 f - a scroll of remove curse
 j - a scroll of identify {unknown}
 k - a scroll of noise {unknown}
 l - a scroll of teleportation {unknown}
 r - a scroll of immolation {unknown}
Potions
 c - 2 potions of haste {unknown}
 g - a potion of heal wounds {unknown}
 i - 2 potions of agility {unknown}
 n - 2 potions of might {unknown}
 o - a potion of flight {unknown}
 p - 2 potions of curing {unknown}
Comestibles
 d - 2 rations
 s - 4 chunks of flesh


   Skills:
 - Level 2.4 Dodging
 - Level 2.4 Stealth
 + Level 6.4 Spellcasting
 - Level 5.6 Conjurations
 - Level 3.6 Summonings
 - Level 1.1 Translocations
 - Level 3.1 Fire Magic
 - Level 3.9 Poison Magic


You had 7 spell levels left.
You knew the following spells:

 Your Spells              Type           Power        Failure   Level  Hunger
a - Magic Dart            Conj           ####         1%          1    None
b - Call Imp              Summ           ####....     2%          2    None
c - Blink                 Tloc           N/A          7%          2    None
d - Conjure Flame         Conj/Fire      ####....     3%          3    None
e - Mephitic Cloud        Conj/Pois/Air  ###.....     6%          3    None

Your spell library contained the following spells:

 Spells                   Type           Power        Failure   Level  Hunger
 Animate Skeleton         Necr           N/A          7%          1    None
 Confusing Touch          Hex            #.....       7%          1    None
 Pain                     Necr           #...         7%          1    None
 Slow                     Hex            #.......     11%         2    None
 Gell's Gravitas          Tloc           ##........   14%         3    None
 Confuse                  Hex            #.......     22%         3    None
 Regeneration             Chrm/Necr      #.........   22%         3    None
 Vampiric Draining        Necr           #.........   22%         3    None
 Animate Dead             Necr           N/A          56%         4    ###....
 Petrify                  Tmut/Erth      #.......     56%         4    ###....
 Metabolic Englaciation   Hex/Ice        ##........   89%         5    #####..
 Yara's Violent Unravell  Hex/Tmut       #.........   89%         5    #####..


Dungeon Overview and Level Annotations

Branches:
Dungeon (6/15)
 Temple: D:4-7

Altars:
Dithmenos
Elyvilon
Fedhas
Kikubaaqudgha
Ru
Sif Muna
Wu Jian
Xom
Yredelemnul
Zin


Message History

Press: ? - help, Dir - move target cursor, f/p - centaur
Aim: a centaur, wielding a +0 shortbow (moderately wounded) Attack!
The centaur shoots an arrow.
The arrow hits your crimson imp.
Your crimson imp hits the centaur.
The centaur shoots an arrow.
The arrow hits your crimson imp!
Your crimson imp dies!
The centaur shoots an arrow.
The arrow hits you.
* * * LOW HITPOINT WARNING * * *
Your crimson imp hits the centaur but does no damage.
The centaur unwields a +0 shortbow.
The centaur barely misses you.
You see here 3 arrows.
Casting: Mephitic Cloud (safe; 6% risk of failure)
Confirm with . or Enter, or press ? or * to list all spells.
Aiming: Magic Dart (safe; 1% risk of failure)
Press: ? - help, Shift-Dir - straight line, f/p - centaur
Aim: a centaur (heavily wounded)
The magic dart hits the centaur.
The centaur is heavily wounded.
The centaur hits you.
You die...

.....!..........#
.........†.....#
#.......(....#
###......(.###
###.....## #####
#####(## ###...###
#(.####.......# #
#...c....(...# ###
#..##@5.......#
##..
#<##(.(.....÷##
##..# #..
#(.........####..##
..c.........#
#...(....#)..#..##
.!..(......##
##......####...##
............#
#......# ##...##
............#
##....## ##(..)#
............##
#...## #.....#
.............#
##### ##.....#


You could see a centaur and a friendly crimson imp.

Vanquished Creatures
  A sky beast (D:5)
  A black bear (D:4)
  An ogre (D:5)
  A scorpion (D:5)
  A vampire bat (D:4)
  2 crimson imps (D:5)
  A hound (D:6)
  An orc wizard (D:6)
  4 worker ants
  2 adders
  A leopard gecko (D:4)
  9 orcs
  A bat skeleton (D:4)
  3 bat zombies (D:4)
  4 giant cockroaches
  8 goblins (D:1)
  6 hobgoblins (D:1)
  4 kobolds
  A ball python (D:1)
  4 bats
  A frilled lizard (D:1)
  A leopard gecko zombie (D:5)
  5 rats
63 creatures vanquished.

Vanquished Creatures (collateral kills)
  An ice beast (D:5)
  A centaur (D:5)
  2 hounds
  2 orc wizards (D:4)
  2 worker ants
  A bat zombie (D:4)
9 creatures vanquished.

Grand Total: 72 creatures vanquished

Notes
Turn   | Place    | Note
-------+----------+-------------------------------------------
     0 | D:1      | Exodus22XD the Deep Elf Wizard began the quest for the Orb.
     0 | D:1      | Reached XP level 1. HP: 10/10 MP: 7/7
   298 | D:1      | Reached XP level 2. HP: 15/15 MP: 6/9
   683 | D:1      | Learned a level 2 spell: Call Imp
   967 | D:1      | Reached XP level 3. HP: 19/19 MP: 8/10
  1096 | D:2      | You fall through a shaft for 2 floors!
  1328 | D:4      | Learned a level 2 spell: Blink
  1465 | D:4      | Reached XP level 4. HP: 13/24 MP: 2/12
  1568 | D:4      | Found a sacrificial altar of Ru.
  1681 | D:4      | Found an ancient bone altar of Kikubaaqudgha.
  1814 | D:4      | Noticed a black bear
  1829 | D:4      | Learned a level 3 spell: Conjure Flame
  2073 | D:4      | Killed a black bear
  2073 | D:4      | Reached XP level 5. HP: 28/28 MP: 2/13
  2283 | D:5      | Entered Level 5 of the Dungeon
  2283 | D:5      | Found a shadowy altar of Dithmenos.
  2335 | D:5      | Found a basalt altar of Yredelemnul.
  2367 | D:5      | Noticed an ogre
  2377 | D:5      | Killed an ogre
  2377 | D:5      | Reached XP level 6. HP: 32/32 MP: 2/14
  2456 | D:5      | Noticed an ice beast
  2688 | D:4      | Learned a level 3 spell: Mephitic Cloud
  2689 | D:5      | Found an ornate altar of the Wu Jian Council.
  2751 | D:5      | Found a white marble altar of Elyvilon.
  2801 | D:5      | Found a blossoming altar of Fedhas.
  3142 | D:5      | Killed an ice beast
  3299 | D:5      | Reached skill level 5 in Conjurations
  3488 | D:5      | Reached XP level 7. HP: 6/36 MP: 4/15
  3967 | D:5      | Found a deep blue altar of Sif Muna.
  4023 | D:5      | Reached skill level 5 in Spellcasting
  4723 | D:6      | Found a shimmering altar of Xom.
  4723 | D:6      | Found a glowing silver altar of Zin.
  4723 | D:6      | Noticed an angel
  5002 | D:6      | Reached skill level 6 in Spellcasting
  5168 | D:6      | Slain by a centaur

Skill      XL: |  1  2  3  4  5  6  7 |
---------------+----------------------+-----
Conjurations   | 2 3 4 5 |  5.6
Summonings     | 3 |  3.6
Fire Magic     | 3 |  3.1
Poison Magic   | 2 3 |  3.9
Spellcasting   | 6 |  6.4
Dodging        | |  2.4
Stealth        | |  2.4
Translocations | |  1.1

Action                   |  1- 3 |  4- 6 |  7- 9 || total
-------------------------+-------+-------+-------++-------
Melee: Unarmed           |     1 |       |       ||     1
 Cast: Magic Dart        |    74 |    69 |    75 ||   218
       Call Imp          |    13 |    13 |     4 ||    30
       Conjure Flame     |       |     7 |     3 ||    10
       Mephitic Cloud    |       |     1 |     1 ||     2
       Blink             |       |       |     1 ||     1
  Use: Scroll            |       |     1 |       ||     1
  Eat: Chunk             |     1 |     4 |     1 ||     6
       Ration            |       |     1 |     1 ||     2
Armor: Robe              |    12 |     9 |     2 ||    23
Dodge: Dodged            |    20 |    15 |    13 ||    48
